 Dungeon Crawl Stone Soup version 0.28-a0-823-gb444dcf96d (webtiles) character file.

Game seed: 30481760790220087

52503 mcbry74 the Grappler (level 14, -4/155 HPs)
             Began as a Troll Monk on Nov 9, 2021.
             Was the Champion of Nemelex Xobeh.
             Slain by a sixfirhy (11 damage)
             ... summoned by an orc high priest
             ... on level 2 of the Orcish Mines.
             The game lasted 02:16:37 (17068 turns).

mcbry74 the Grappler (Troll Monk)                  Turns: 17068, Time: 02:16:37

Health: -4/155     AC: 10    Str: 31    XL:     14   Next: 27%
Magic:  20/20      EV: 13    Int:  6    God:    Nemelex Xobeh [******]
Gold:   1312       SH:  0    Dex: 13    Spells: 13/13 levels left

rFire   + . .      SeeInvis .     - Unarmed
rCold   + . .      Faith    .   (no shield)
rNeg    . . .      Spirit   .   g - +3 troll leather armour {Snorg}
rPois   +          Reflect  .   (helmet restricted)
rElec   .          Harm     .   K - scarf {rC+ rF+}
rCorr   .          Rampage  .   (gloves unavailable)
Will    +....                   (boots unavailable)
Stlth   +.........              L - amulet of Vitality {Regen+ HP+15}
HPRegen 3.35/turn               s - +6 ring of strength
MPRegen 0.17/turn               C - ring of poison resistance

@: marked
A: large, unfitting armour, claws 3, regeneration 1, shaggy fur 1, tough skin 1
a: Renounce Religion, Draw Escape, Draw Destruction, Draw Summoning, Triple
Draw, Deal Four, Stack Five


You were on level 2 of the Orcish Mines.
You worshipped Nemelex Xobeh.
Nemelex Xobeh was exalted by your worship.
You visited 3 branches of the dungeon, and saw 19 of its levels.

You collected 1507 gold pieces.
You spent 195 gold pieces at shops.

Inventory:

Hand Weapons
 d - a +3 flail of electrocution
 V - a +0 club
Missiles
 o - 55 poisoned darts
 v - 3 throwing nets
 H - a curare-tipped dart
 S - 7 large rocks
 U - 2 boomerangs (quivered)
Armour
 g - a +3 troll leather armour (worn) {Snorg}
 E - +1 acid dragon scales
 K - a scarf of resistance (worn)
 P - the +4 skin of Zhor {*Englaciate rC+++ SInv}
   (You found it on level 4 of the Lair of Beasts)

   It radiates cold, occasionally slowing all nearby creatures who are not
   resistant to cold.
   rC:        It renders you almost immune to cold.
   SInv:      It lets you see invisible.
Jewellery
 c - a ring of resist corrosion
 e - a ring of wizardry
 i - a ring of willpower
 s - a +6 ring of strength (left claw)
 x - a ring of protection from fire
 y - a +6 ring of strength
 C - a ring of poison resistance (right claw)
 F - a ring of flight
 L - the amulet of Vitality (around neck) {Regen+ HP+15}
   (You found it on level 9 of the Dungeon)

   [amulet of regeneration]

   HP:        It affects your health (+15).
   Regen:     It increases your rate of health regeneration.
 N - an amulet of guardian spirit
 Q - a ring of see invisible
 T - a ring of ice
Wands
 b - a wand of paralysis (11)
 q - a wand of acid (5)
 D - a wand of flame (88)
 J - a wand of iceblast (5)
Scrolls
 a - a scroll of fear {unknown}
 f - a scroll of fog
 j - 6 scrolls of identify
 m - 8 scrolls of teleportation
 t - 3 scrolls of blinking
 w - 2 scrolls of enchant weapon
 A - a scroll of acquirement
 I - 4 scrolls of immolation
 O - a scroll of holy word
Potions
 h - 4 potions of heal wounds
 k - 3 potions of invisibility
 l - 3 potions of lignification
 n - 3 potions of attraction
 p - 5 potions of might
 r - 2 potions of resistance {unknown}
 u - 14 potions of curing
 z - a potion of berserk rage {unknown}
 B - 2 potions of ambrosia
 G - 2 potions of cancellation
 M - 3 potions of flight
Miscellaneous
 R - a box of beasts


   Skills:
 + Level 9.3 Fighting
 + Level 9.6 Throwing
 + Level 8.4 Armour
 + Level 9.2 Dodging
 - Level 1.0 Stealth
 * Level 11.5 Unarmed Combat
 + Level 9.5 Invocations


You had 13 spell levels left.
You didn't know any spells.
Your spell library contained the following spells:

 Spells                   Type           Power      Damage    Failure   Level
 Sandblast                Erth           0%         2d4       47%         1
 Passwall                 Tmut/Erth      0%         N/A       63%         2
 Stone Arrow              Conj/Erth      0%         3d7       85%         3
 Passage of Golubria      Tloc           0%         N/A       99%         4
 Silence                  Hex/Air        0%         N/A       100%        5
 Lehudib's Crystal Spear  Conj/Erth      0%         10d2      100%        8


Dungeon Overview and Level Annotations

Branches:
Dungeon (11/15)            Temple (0/1) D:4            Lair (6/6) D:11
 Shoals (0/4) Lair:2       Spider (0/4) Lair:4          Orc (2/2) D:11
    Elf (0/3) Orc:2
  Slime: Lair:5-6

Altars:
Ashenzari
Cheibriados
Elyvilon
Nemelex Xobeh
Ru
Sif Muna
Trog
Yredelemnul
Zin
Beogh

Shops:
D:1 [   D:2 ([(:=   D:4 =


Innate Abilities, Weirdness & Mutations

You are too large for most types of armour.
You have claws for hands.
Your natural rate of healing is unusually fast.
You are covered in fur. (AC +1)
You have tough skin. (AC +1)


Message History

An orc priest comes into view. It is wielding a +3 flail.
An orc comes into view.
It is wielding a +0 mace and wearing a +2 leather armour of positive energy.
The orc throws a boomerang.
The boomerang closely misses you.
You mangle the orc priest!!
You kill the orc priest!
An orc high priest comes into view. It is wielding a +0 mace.
An orc sorcerer comes into view. It is wielding a +0 dagger.
An orc high priest comes into view. It is wielding a +3 halberd.
The orc high priest prays to Beogh.
The orc throws a boomerang.
The boomerang misses you.
The orc high priest utters an invocation to Beogh.
The ice devil disappears in a puff of smoke!
The sixfirhy hits you! The sixfirhy shocks you! The sixfirhy hits you.
The sixfirhy shocks you! The sixfirhy hits you. The sixfirhy shocks you!
The sixfirhy hits you! The sixfirhy shocks you! The sixfirhy hits you!
The sixfirhy shocks you!
The orc high priest invokes the aid of Beogh against you.
Beogh smites you!
The sixfirhy hits you but does no damage.
The sixfirhy hits you. The sixfirhy shocks you! The sixfirhy hits you.
The sixfirhy shocks you! The sixfirhy closely misses you.
The sixfirhy hits you. The sixfirhy shocks you!
* * * LOW HITPOINT WARNING * * *
An orc wizard comes into view. It is wielding a +0 dagger.
The sixfirhy barely misses you. The sixfirhy hits you!
* * * LOW HITPOINT WARNING * * *
The sixfirhy shocks you!
* * * LOW HITPOINT WARNING * * *
The sixfirhy hits you but does no damage.
The sixfirhy hits you!
* * * LOW HITPOINT WARNING * * *
The sixfirhy shocks you!
* * * LOW HITPOINT WARNING * * *
Items here: )) [[.
There is a stone staircase leading up, spattered with blood here.
The sixfirhy hits you.
* * * LOW HITPOINT WARNING * * *
The sixfirhy shocks you!
You die...
Your body glows with a rainbow of weird colours and disappears.

....#.#..................##
..........................#
.........................#
..#......................#
.............[...........#
.......o.......[..........#
.)...##..o.....[[......#.##
....#.......o.33[.......##
..o....).o4.[.).@........#
........[))[[).....#....##
.........).)[)[.....#..##
.........)[)............#
.........[..)..........##
........[...............
.........#..............
.....................#..
.....................###


You could see an orc high priest, an orange demon (summoned), 2 sixfirhies, an
orc wizard and an orc.

Vanquished Creatures
  Snorg (Lair:4)
  Harold (Lair:2)
  Fannar (Orc:1)
  4 hydras
  A catoblepas (Lair:4)
  2 two-headed ogres (D:11)
  An alligator (D:11)
  An orc high priest (Orc:2)
  A harpy (D:7)
  2 orc knights
  A lindwurm (Lair:4)
  An orb spider (Lair:4)
  An orc sorcerer (Orc:2)
  A cyclops (D:11)
  A manticore (Lair:2)
  12 elephants
  4 black mambas
  2 torpor snails (Lair:4)
  Maggie (D:8)
  6 cane toads
  8 rime drakes (Lair:4)
  6 komodo dragons
  2 burning bushes (Lair:2)
  2 trolls
  A wind drake (Lair:2)
  A polar bear (Lair:3)
  28 blink frogs
  4 dream sheep (Lair:4)
  A shadow (D:10)
  2 vampires (D:10)
  3 wyverns
  2 wraiths (D:11)
  2 basilisks
  55 yaks
  4 vampire mosquitoes (D:11)
  A steam dragon (D:10)
  A warg (Orc:2)
  An acid dragon (D:11)
  A naga (D:11)
  11 water moccasins
  Pargi (D:3)
  22 orc warriors
  2 black bears
  A necrophage (D:6)
  2 ogres
  21 wolves
  6 centaurs
  3 lemures (D:7)
  2 kobold brigands
  2 gnoll sergeants
  14 bullfrogs
  5 scorpions
  A water moccasin zombie (D:7)
  4 howler monkeys
  An electric eel (D:8)
  2 centaur zombies
  2 hounds
  19 orc priests
  4 jellies
  7 iguanas
  15 orc wizards
  A scorpion zombie (D:4)
  2 howler monkey zombies
  8 gnolls
  3 adders
  2 shadow imps
  2 white imps
  An ufetubus (D:5)
  4 dart slugs
  83 orcs
  8 bats
  6 endoplasms
  8 giant cockroaches
  10 goblins
  7 hobgoblins
  4 jackals (D:1)
  2 quokkas
  9 ball pythons
  4 frilled lizards
  17 kobolds
  2 rats (D:2)
500 creatures vanquished.

Vanquished Creatures (collateral kills)
  An orc warlord (Orc:2)
  2 hydras
  An orc sorcerer (Orc:2)
  2 elephants
  A troll (Orc:1)
  A blink frog (Lair:3)
  A warg (Orc:1)
  An ogre (Orc:1)
  A bullfrog (Lair:3)
  A gnoll shaman (D:5)
  2 orc wizards
  3 gnolls (D:5)
  An orc (Orc:2)
18 creatures vanquished.

Vanquished Creatures (others)
  32 fungi
  45 plants
77 creatures vanquished.

Grand Total: 595 creatures vanquished

Notes
Turn   | Place    | Note
-------+----------+-------------------------------------------
     0 | D:1      | mcbry74 the Troll Monk began the quest for the Orb.
     0 | D:1      | Reached XP level 1. HP: 22/22 MP: 0/0
   126 | D:1      | Reached XP level 2. HP: 28/29 MP: 1/1
   224 | D:1      | Found a faded altar of an unknown god.
   245 | D:1      | Prayed at the altar of an unknown god.
   245 | D:1      | Became a worshipper of Nemelex Xobeh the Trickster
   245 | D:1      | Reached * piety under Nemelex Xobeh
   245 | D:1      | Received a gift from Nemelex Xobeh
   245 | D:1      | Reached ** piety under Nemelex Xobeh
   245 | D:1      | Received a gift from Nemelex Xobeh
   245 | D:1      | Received a gift from Nemelex Xobeh
   458 | D:1      | Reached XP level 3. HP: 36/36 MP: 2/2
   480 | D:1      | Received a gift from Nemelex Xobeh
   526 | D:1      | Reached *** piety under Nemelex Xobeh
   593 | D:1      | Found Sofa's Armour Boutique.
   713 | D:2      | Found Makyrurhu's Weapon Shoppe.
   791 | D:2      | Found Qeresonu's Antique Armour Shoppe.
   810 | D:2      | Found Tyra's Antique Weapon Emporium.
   847 | D:2      | Found Wisiplu's Jewellery Emporium.
  1123 | D:2      | Reached skill level 1 in Throwing
  1123 | D:2      | Reached XP level 4. HP: 45/45 MP: 3/3
  1217 | D:2      | Noticed Terence
  1224 | D:2      | Noticed Terence
  1224 | D:2      | Terence changed into Terence the howler monkey
  1228 | D:2      | Killed Terence the howler monkey
  1229 | D:2      | Reached skill level 1 in Invocations
  1264 | D:2      | Received a gift from Nemelex Xobeh
  1525 | D:2      | Found Xeugitag's Book Shoppe.
  1781 | D:3      | Reached XP level 5. HP: 22/53 MP: 3/5
  1877 | D:3      | Noticed Pargi
  1899 | D:3      | Killed Pargi
  1900 | D:3      | Reached skill level 4 in Unarmed Combat
  1900 | D:3      | Reached XP level 6. HP: 46/61 MP: 6/6
  1942 | D:3      | Reached **** piety under Nemelex Xobeh
  2710 | D:4      | Found a staircase to the Ecumenical Temple.
  2764 | D:4      | Received a gift from Nemelex Xobeh
  2765 | D:4      | Found a white marble altar of Elyvilon.
  2770 | D:4      | Found a bloodstained altar of Trog.
  2772 | D:4      | Found a snail-covered altar of Cheibriados.
  2772 | D:4      | Found a broken altar of Ashenzari.
  2776 | D:4      | Found a shimmering blue altar of Sif Muna.
  2864 | D:4      | You fall into a shaft and drop 2 floors!
  2884 | D:5      | Entered Level 5 of the Dungeon
  2930 | D:5      | Reached skill level 1 in Armour
  2930 | D:5      | Reached XP level 7. HP: 50/68 MP: 7/7
  3093 | D:4      | Found a glowing silver altar of Zin.
  3291 | D:4      | Found Oweffum's Jewellery Shop.
  3399 | D:5      | Received a gift from Nemelex Xobeh
  3420 | D:5      | Reached ***** piety under Nemelex Xobeh
  3960 | D:5      | Received a gift from Nemelex Xobeh
  4199 | D:6      | Found a sacrificial altar of Ru.
  4321 | D:6      | Reached skill level 5 in Unarmed Combat
  4321 | D:6      | Reached XP level 8. HP: 76/78 MP: 9/9
  4548 | D:6      | Found a basalt altar of Yredelemnul.
  4668 | D:7      | Noticed Pikel
  4671 | D:7      | Noticed Pikel
  4671 | D:7      | Pikel changed into Pikel the harpy
  4682 | D:7      | Killed Pikel the harpy
  4896 | D:7      | Found the +4 Cigotuvi's embrace {rMiasma Drain rN+}
  4901 | D:7      | Received a gift from Nemelex Xobeh
  5407 | D:8      | Received a gift from Nemelex Xobeh
  5504 | D:8      | Reached XP level 9. HP: 58/87 MP: 11/11
  5511 | D:8      | Reached skill level 5 in Fighting
  5511 | D:8      | Reached skill level 6 in Unarmed Combat
  5730 | D:8      | Noticed a five-headed hydra
  5738 | D:8      | Killed a five-headed hydra
  5739 | D:8      | Reached skill level 5 in Dodging
  5970 | D:8      | Received a gift from Nemelex Xobeh
  6122 | D:8      | Noticed Maggie
  6127 | D:8      | Killed Maggie
  6128 | D:8      | Reached skill level 5 in Throwing
  6128 | D:8      | Reached skill level 5 in Invocations
  6700 | D:9      | Reached XP level 10. HP: 91/98 MP: 12/12
  6725 | D:9      | Reached skill level 7 in Unarmed Combat
  6960 | D:9      | Reached ****** piety under Nemelex Xobeh
  7150 | D:9      | Found the amulet of Vitality {Regen+ HP+15}
  7293 | D:9      | Received a gift from Nemelex Xobeh
  7334 | D:10     | Entered Level 10 of the Dungeon
  7578 | D:10     | Received a gift from Nemelex Xobeh
  7987 | D:10     | Received a gift from Nemelex Xobeh
  8457 | D:4      | Bought a ring of see invisible for 195 gold pieces
  8732 | D:11     | Noticed a two-headed ogre
  8735 | D:11     | Killed a two-headed ogre
  8736 | D:11     | Reached skill level 5 in Armour
  8939 | D:11     | Noticed a four-headed hydra
  8968 | D:11     | Noticed an alligator
  8968 | D:11     | a four-headed hydra changed into an alligator
  8973 | D:11     | Killed an alligator
  8977 | D:11     | Reached XP level 11. HP: 104/107 MP: 14/14
  9088 | D:11     | Reached skill level 8 in Unarmed Combat
  9088 | D:11     | Noticed an orc knight
  9104 | D:11     | Killed an orc knight
  9208 | D:11     | Found a staircase to the Lair.
  9568 | D:11     | Found a staircase to the Orcish Mines.
 10055 | D:11     | Noticed a two-headed ogre
 10061 | D:11     | Killed a two-headed ogre
 10325 | Lair:1   | Entered Level 1 of the Lair of Beasts
 10405 | Lair:1   | Identified a scroll of acquirement
 10829 | Lair:1   | Reached XP level 12. HP: 118/118 MP: 16/16
 10949 | Lair:1   | Reached skill level 9 in Unarmed Combat
 11476 | Lair:2   | Noticed Harold
 11496 | Lair:2   | Killed Harold
 11683 | Lair:2   | Noticed an eight-headed hydra
 11695 | Lair:2   | Killed a nine-headed hydra
 11808 | Lair:2   | Received a gift from Nemelex Xobeh
 11814 | Lair:2   | Found a staircase to the Shoals.
 12726 | Lair:3   | Reached XP level 13. HP: 127/127 MP: 18/18
 12816 | Lair:3   | Identified the +1 trident of Paper {drain, Str+4}
 12818 | Lair:3   | Reached skill level 10 in Unarmed Combat
 13065 | Lair:3   | Received a gift from Nemelex Xobeh
 13647 | Lair:4   | Noticed Snorg
 13661 | Lair:4   | Killed Snorg
 13826 | Lair:4   | Received a gift from Nemelex Xobeh
 14034 | Lair:4   | Found the +4 skin of Zhor {*Englaciate rC+++ SInv}
 14148 | Lair:4   | Found a hole to the Spider Nest.
 15358 | Lair:5   | You fall into a shaft and drop 1 floor!
 15358 | Lair:6   | Entered Level 6 of the Lair of Beasts
 15358 | Lair:6   | Received a gift from Nemelex Xobeh
 15470 | Lair:5   | Reached skill level 11 in Unarmed Combat
 15563 | Lair:5   | Reached XP level 14. HP: 45/140 MP: 19/19
 16095 | Orc:1    | Entered Level 1 of the Orcish Mines
 16208 | Orc:1    | Received a gift from Nemelex Xobeh
 16209 | Orc:1    | Identified the -2 quarterstaff of the Twisting Scavenger
                  | {elec, Fly rF+ Str+7 Int-4}
 16230 | Orc:1    | Noticed Fannar
 16237 | Orc:1    | Killed Fannar
 16491 | Orc:2    | Entered Level 2 of the Orcish Mines
 16522 | Orc:2    | Noticed an orc warlord
 16540 | Orc:2    | Killed an orc warlord
 16688 | Orc:2    | Found a staircase to the Elven Halls.
 16850 | Orc:2    | HP: 3/155 [orc knight (36)]
 17066 | Orc:2    | HP: 4/155 [sixfirhy[an orc high priest] (9)]
 17068 | Orc:2    | Slain by a sixfirhy

Illustrated notes

Levels and vault maps discovered:
D:1:      dpeg_arrival_radiant, layout_rooms, serial_shops,
          nicolae_lakefront_shop, basic_ecumenical_altar, grunt_decor_clamped,
          corexii_item_surrounded_by_moat
D:2:      layout_loops_corners, serial_shops, shop, shop, shop,
          nicolae_diamond_shop, shop, uniq_terence
D:3:      layout_loops_cross, chequers_serial_rivers_room_a, uniq_pargi
D:4:      layout_cave_pools, grunt_temple_overflow_open,
          minmay_temple_entry_water_ring, serial_shops, shop,
          chequers_serial_rivers_micro_e
D:5:      layout_gridville
D:6:      layout_loops_ring, hangedman_ru_absence, kennysheep_mini_moat
D:7:      layout_basic, uniq_pikel
D:8:      layout_layer_cave, minmay_misc_feat_ornament, lightli_minifort,
          uniq_maggie
D:9:      layout_gridville
D:10:     layout_basic
D:11:     layout_loops_corners, minmay_lair_entry_grove, david_orc_5
Lair:1:   layout_concentric_octagons, grunt_megastairs_3
Lair:2:   layout_loops_ring, minmay_shoals_entry_beasts, evilmike_ambush
          [evilmike_ambush_outer_pillars, evilmike_ambush_inner_basic],
          uniq_harold
Lair:3:   layout_small_grid, chequers_serial_rivers_small_3, grunt_megastairs_2
Lair:4:   layout_misc_corridors, nicolae_spider_entry_orb_guardian,
          hellmonk_guarded_unrand_zhor, infiniplex_staircase_pool_2, uniq_snorg
Lair:5:   layout_misc_corridors
Lair:6:   grunt_lair_end_beastmaster, layout_regular_city, slime_dummy,
          lemuel_old_faithful
Orc:1:    layout_caves, uniq_fannar
Orc:2:    st_orc_mages, layout_caves

Skill      XL: |  1  2  3  4  5  6  7  8  9 10 11 12 13 |
---------------+----------------------------------------+-----
Fighting       | 3 4 5 6 7 8 9 |  9.3
Throwing       | 1 2 3 4 5 6 7 8 9 |  9.6
Invocations    | 1 2 3 4 5 6 7 8 9 |  9.5
Dodging        | 3 4 5 6 7 8 9 |  9.2
Unarmed Combat | 4 5 6 7 8 9 11 | 11.5
Armour         | 1 2 3 4 5 6 7 8 |  8.4
Stealth        | |  1.0

Action                   |  1- 3 |  4- 6 |  7- 9 | 10-12 | 13-15 || total
-------------------------+-------+-------+-------+-------+-------++-------
Melee: Unarmed           |    92 |   123 |   140 |   634 |   462 ||  1451
       Punch             |     1 |     2 |     5 |    26 |    42 ||    76
       Flail             |       |       |       |       |     6 ||     6
Throw: Dart              |    11 |    26 |    10 |     2 |    28 ||    77
       Stone             |    31 |   114 |    25 |       |       ||   170
       Boomerang         |       |       |    99 |   200 |    77 ||   376
       Large rock        |       |       |       |     2 |    11 ||    13
       Throwing net      |       |       |       |       |     1 ||     1
Invok: Draw Destruction  |     1 |     2 |     9 |    24 |     6 ||    42
       Draw Summoning    |       |       |     2 |     2 |     6 ||    10
       Draw Escape       |       |       |       |     1 |       ||     1
       Triple Draw       |       |       |       |     2 |       ||     2
Evoke: Wand              |       |     1 |       |       |     6 ||     7
  Use: Scroll            |       |     7 |     3 |    12 |     2 ||    24
       Potion            |       |       |       |     3 |     2 ||     5
 Stab: Sleeping          |     1 |     1 |     1 |       |       ||     3
       Distracted        |       |       |       |       |     1 ||     1
       Held in net/web   |       |       |       |       |     1 ||     1
Armor: Robe              |    17 |    12 |       |       |       ||    29
       Troll leather arm |       |     9 |    29 |       |   181 ||   219
       Acid dragon scale |       |       |     4 |   205 |    28 ||   237
Dodge: Dodged            |    39 |    53 |    64 |   364 |   341 ||   861

Table legend: (Time is in decaauts)
 A = Elapsed time spent in this place.
 B = Non-inter-level travel time spent in this place.
 C = Inter-level travel time spent in this place.
 D = Time resting spent in this place.
 E = Time spent auto-exploring this place.
 F = Levels seen in this place.
 G = Mean time per level.
                   A        B        C        D        E       F      G
               +--------+--------+--------+--------+--------+-----+--------+
         Total |  16863 |  15558 |   1305 |   1458 |  10073 |  19 |  887.5 |
       Dungeon |  10598 |   9632 |    966 |    649 |   6795 |  11 |  963.5 |
          Lair |   5328 |   4990 |    338 |    527 |   2960 |   6 |  888.0 |
  Orcish Mines |    937 |    937 |      0 |    281 |    318 |   2 |  468.5 |
               +--------+--------+--------+--------+--------+-----+--------+

Top non-repeatable levels by time:
    D:11: 1559 daAuts
  Lair:4: 1282 daAuts
     D:8: 1275 daAuts
    D:10: 1173 daAuts
  Lair:3: 1126 daAuts
  Lair:2: 1118 daAuts
  Lair:1: 1070 daAuts
     D:2: 1017 daAuts
     D:3: 920 daAuts
     D:5: 889 daAuts
     D:4: 826 daAuts
     D:7: 816 daAuts
     D:1: 744 daAuts
     D:9: 744 daAuts
  Lair:5: 721 daAuts
